MLB
OAKLAND ATHLETICS @ TEXAS RANGERS
07/07/2099
 
TOP OF THE 1ST
Oakland Athletics batting - Pitching for Texas Rangers : RHP Steve Sullivan
Pitching: RHP Steve Sullivan
Batting: LHB Ryan Tipton 0-0: Ball
1-0: Called Strike
1-1: Ball
2-1: Ball
3-1: Called Strike
3-2: Foul Ball, location: 3F
3-2: Foul Ball, location: 2F
3-2: Base on Balls
Batting: RHB Joey George 0-0: Ball
1-0: Ball
2-0: Fly out, F9 (Line Drive, 89D, EV 91.9 MPH)
Batting: LHB Pat Wilson 0-0: Ball
Ryan Tipton steals 2nd base (no throw)
1-0: Ball
2-0: SINGLE (Groundball, 34D, EV 100.0 MPH)
Ryan Tipton to third
Runner from 3rd tries for Home, SAFE, throw by RF to home
Batting: LHB Ivan Suarez 0-0: Ball
1-0: Ball
2-0: Foul Ball, location: 2F
2-1: Ball
3-1: Swinging Strike
3-2: Base on Balls
Pat Wilson to second
Batting: LHB Steve Tocci 0-0: Foul Ball, location: 25F
0-1: Fly out, F9 (Flyball, 9LM, EV 76.9 MPH)
Batting: RHB Ryan Taylor 0-0: Ball
1-0: Foul Ball, location: 9LDF
1-1: Ball
2-1: Fielders Choice at 2nd, 6-4 (Groundball, 6, EV 81.9 MPH)
Top of the 1st over - 1 run, 1 hit, 0 errors, 2 left on base; Oakland 1 - Texas 0
BOTTOM OF THE 1ST
Texas Rangers batting - Pitching for Oakland Athletics : RHP Dylan Harrison
Pitching: RHP Dylan Harrison
Batting: RHB Jason Hartel 0-0: Ground out 1-6-3 (Groundball, 15S, EV 83.8 MPH)
Batting: LHB Nick Gunnels 0-0: Ball
1-0: Called Strike
1-1: SINGLE (Flyball, 8RS, EV 91.3 MPH)
Batting: LHB Tyler Petry 0-0: Fielders Choice at 2nd, 1-6 (Groundball, 13S, EV 73.8 MPH)
Batting: RHB Todd Peters 0-0: SINGLE (Line Drive, 5D, EV 98.8 MPH)
Tyler Petry to second
Batting: RHB Kevin Hock 0-0: Fly out, F8 (Flyball, 89D, EV 98.1 MPH)
Bottom of the 1st over - 0 runs, 2 hits, 0 errors, 2 left on base; Oakland 1 - Texas 0
TOP OF THE 2ND
Oakland Athletics batting - Pitching for Texas Rangers : RHP Steve Sullivan
Batting: RHB Randy Fowler 0-0: Foul Ball, location: 5FF
0-1: Fly out, F9 (Flyball, 89S, EV 90.6 MPH)
Batting: LHB Gene Del Vecchio 0-0: Called Strike
0-1: Swinging Strike
0-2: Ground out U3 (Groundball, 34S, EV 83.1 MPH)
Batting: RHB Tom Karr 0-0: Foul Ball, location: 5F
0-1: Foul Ball, location: 5DF
0-2: Ball
1-2: Strikes out swinging
Top of the 2nd over - 0 runs, 0 hits, 0 errors, 0 left on base; Oakland 1 - Texas 0
BOTTOM OF THE 2ND
Texas Rangers batting - Pitching for Oakland Athletics : RHP Dylan Harrison
Batting: SHB Luis Chavez 0-0: Called Strike
0-1: Swinging Strike
0-2: Foul Ball, location: 7LMF
0-2: Fly out, F7 (Line Drive, 78M, EV 85.0 MPH)
Batting: RHB Jose Cano 0-0: SINGLE (Groundball, 6MD, EV 98.8 MPH)
Batting: LHB Scott Spencer 0-0: Grounds out, U3 (Groundball, 3L, EV 87.5 MPH)
Batting: RHB Chris Daly 0-0: Ball
1-0: Ball
2-0: Foul Ball, location: 9LDF
2-1: Ground out 6-3 (Groundball, 6, EV 81.9 MPH)
Bottom of the 2nd over - 0 runs, 1 hit, 0 errors, 1 left on base; Oakland 1 - Texas 0
TOP OF THE 3RD
Oakland Athletics batting - Pitching for Texas Rangers : RHP Steve Sullivan
Batting: LHB Ryan Tipton 0-0: Ball
1-0: Fly out, F8 (Line Drive, 8RD, EV 98.8 MPH)
Batting: RHB Joey George 0-0: Swinging Strike
0-1: Ball
1-1: Fly out, F7 (Flyball, 7S, EV 83.1 MPH)
Batting: LHB Pat Wilson 0-0: SINGLE (Groundball, 4MD, EV 98.8 MPH)
Batting: LHB Ivan Suarez 0-0: Called Strike
Pat Wilson is caught stealing 2nd base 2-6
Top of the 3rd over - 0 runs, 1 hit, 0 errors, 0 left on base; Oakland 1 - Texas 0
BOTTOM OF THE 3RD
Texas Rangers batting - Pitching for Oakland Athletics : RHP Dylan Harrison
Batting: RHB Jason Hartel 0-0: Ball
1-0: Foul Ball, location: 25F
1-1: SINGLE (Groundball, 4, EV 98.8 MPH) (infield hit)
Batting: LHB Nick Gunnels 0-0: Ball
1-0: Ball
2-0: Foul Ball, location: 2LF
2-1: Swinging Strike
2-2: Ball
3-2: Fly out, F8 (Flyball, 89M, EV 95.6 MPH)
Batting: LHB Tyler Petry 0-0: Ball
1-0: Fielders Choice at 2nd, 5-4 (Groundball, 15, EV 81.9 MPH)
Batting: RHB Todd Peters 0-0: Ball
1-0: Called Strike
1-1: SINGLE (Line Drive, 6MD, EV 105.0 MPH)
Tyler Petry to second
Batting: RHB Kevin Hock 0-0: Called Strike
0-1: Fielders Choice at 2nd, 5-4 (Groundball, 56, EV 87.5 MPH)
Bottom of the 3rd over - 0 runs, 2 hits, 0 errors, 2 left on base; Oakland 1 - Texas 0
TOP OF THE 4TH
Oakland Athletics batting - Pitching for Texas Rangers : RHP Steve Sullivan
Batting: LHB Ivan Suarez 0-0: Ball
1-0: Foul Ball, location: 2F
1-1: Swinging Strike
1-2: Ball
2-2: Foul Ball, location: 2LF
2-2: SOLO HOME RUN (Flyball, 89XD, EV 110.6 MPH), Distance : 437 ft
Batting: LHB Steve Tocci 0-0: Ball
1-0: Called Strike
1-1: Foul Ball, location: 3DF
1-2: Foul Ball, location: 7LSF
1-2: Ball
2-2: DOUBLE (Line Drive, 7LS, EV 98.8 MPH)
Batting: RHB Ryan Taylor 0-0: Swinging Strike
0-1: Ball
1-1: Foul Ball, location: 9LSF
1-2: Strikes out looking
Batting: RHB Randy Fowler 0-0: Swinging Strike
0-1: Ball
1-1: Foul Ball, location: 2F
1-2: Strikes out looking
Batting: LHB Gene Del Vecchio 0-0: Called Strike
0-1: Ball
1-1: Ball
2-1: Ball
3-1: Swinging Strike
3-2: Foul Ball, location: 2F
3-2: Base on Balls
Batting: RHB Tom Karr 0-0: Called Strike
0-1: Foul Ball, location: 9LMF
0-2: Ball
1-2: SINGLE (Line Drive, 9S, EV 99.4 MPH)
Steve Tocci to third
Gene Del Vecchio to second
Batting: LHB Ryan Tipton 0-0: Foul Ball, location: 9LMF
0-1: Called Strike
0-2: Foul Ball, location: 2F
0-2: Ball
1-2: Strikes out swinging
Top of the 4th over - 1 run, 3 hits, 0 errors, 3 left on base; Oakland 2 - Texas 0
BOTTOM OF THE 4TH
Texas Rangers batting - Pitching for Oakland Athletics : RHP Dylan Harrison
Batting: SHB Luis Chavez 0-0: Ball
1-0: Ball
2-0: Foul Ball, location: 7LMF
2-1: Ball
3-1: Base on Balls
Batting: RHB Jose Cano 0-0: Ball
1-0: Fielders Choice at 2nd, 4-6 (Groundball, 34D, EV 91.9 MPH)
Batting: LHB Scott Spencer 0-0: Grounds into double play, 6-4-3 (Groundball, 6, EV 100.6 MPH)
Bottom of the 4th over - 0 runs, 0 hits, 0 errors, 0 left on base; Oakland 2 - Texas 0
TOP OF THE 5TH
Oakland Athletics batting - Pitching for Texas Rangers : RHP Steve Sullivan
Batting: RHB Joey George 0-0: Called Strike
0-1: Fly out, F5 (Popup, 56S, EV 89.4 MPH)
Batting: LHB Pat Wilson 0-0: SOLO HOME RUN (Line Drive, 9D, EV 99.4 MPH), Distance : 373 ft
Batting: LHB Ivan Suarez 0-0: SINGLE (Groundball, 56D, EV 94.4 MPH)
Batting: LHB Steve Tocci 0-0: Ball
1-0: Foul Ball, location: 5F
1-1: Ball
Ivan Suarez steals 2nd base
2-1: Fly out, F9 (Flyball, 89S, EV 97.5 MPH)
Batting: RHB Ryan Taylor 0-0: Ball
Wild Pitch!
Ivan Suarez to third
1-0: Called Strike
1-1: Fly out, F8 (Flyball, 8RXD, EV 110.6 MPH)
Top of the 5th over - 1 run, 2 hits, 0 errors, 1 left on base; Oakland 3 - Texas 0
BOTTOM OF THE 5TH
Texas Rangers batting - Pitching for Oakland Athletics : RHP Dylan Harrison
Batting: RHB Chris Daly 0-0: Swinging Strike
0-1: Foul Ball, location: 2F
0-2: Strikes out looking
Batting: RHB Jason Hartel 0-0: Foul Ball, location: 23F
0-1: Ball
1-1: Foul Ball, location: 25FF
1-2: SINGLE (Groundball, 34D, EV 106.3 MPH)
Batting: LHB Nick Gunnels 0-0: Ball
1-0: Called Strike
1-1: Swinging Strike
1-2: Foul Ball, location: 5SF
1-2: SINGLE (Groundball, 6MD, EV 100.6 MPH)
Jason Hartel to second
Runner from 2nd tries for 3rd, SAFE, no throw by CF
Batting: LHB Tyler Petry 0-0: Called Strike
Nick Gunnels steals 2nd base
0-1: Called Strike
0-2: Ball
1-2: Ball
2-2: SINGLE (Groundball, 4MD, EV 103.1 MPH)
Jason Hartel scores
Nick Gunnels to third
Runner from 3rd tries for Home, SAFE, throw by CF to home
Batting: RHB Todd Peters 0-0: Foul Ball, location: 2F
0-1: Called Strike
0-2: Ball
1-2: Fly out, F6 (Line Drive, 6D, EV 66.9 MPH)
Batting: RHB Kevin Hock 0-0: Ball
1-0: Ball
2-0: Called Strike
2-1: Ball
3-1: Base on Balls
Tyler Petry to second
Batting: SHB Luis Chavez 0-0: Ground out 2-3 (Groundball, 13S, EV 70.0 MPH)
Bottom of the 5th over - 2 runs, 3 hits, 0 errors, 2 left on base; Oakland 3 - Texas 2
TOP OF THE 6TH
Oakland Athletics batting - Pitching for Texas Rangers : RHP Steve Sullivan
Batting: RHB Randy Fowler 0-0: Ball
1-0: Called Strike
1-1: Called Strike
1-2: Ground out 6-3 (Groundball, 6, EV 67.5 MPH)
Batting: LHB Gene Del Vecchio 0-0: Foul Ball, location: 7LSF
0-1: Ball
1-1: Ball
2-1: Fly out, F7 (Flyball, 7, EV 73.1 MPH)
Batting: RHB Tom Karr 0-0: SINGLE (Line Drive, 7LS, EV 105.6 MPH)
Batting: LHB Ryan Tipton 0-0: Foul Ball, location: 2F
0-1: Ball
1-1: Ball
2-1: Called Strike
2-2: Ball
3-2: Base on Balls
Tom Karr to second
Batting: RHB Joey George 0-0: Foul Ball, location: 9LSF
0-1: Ground out U3 (Groundball, 3, EV 80.0 MPH)
Top of the 6th over - 0 runs, 1 hit, 0 errors, 2 left on base; Oakland 3 - Texas 2
BOTTOM OF THE 6TH
Texas Rangers batting - Pitching for Oakland Athletics : RHP Dylan Harrison
Batting: RHB Jose Cano 0-0: SINGLE (Groundball, 34D, EV 100.6 MPH)
Batting: LHB Scott Spencer 0-0: Ball
1-0: Ball
Jose Cano steals 2nd base
2-0: Ball
3-0: Called Strike
3-1: Ground out U3 (Groundball, 3, EV 83.1 MPH)
Jose Cano to third
Batting: RHB Chris Daly 0-0: Ball
1-0: Foul Ball, location: 2F
1-1: Ball
2-1: Foul Ball, location: 5FF
2-2: Foul Ball, location: 23F
2-2: Fly out, F7 (Flyball, 7D, EV 85.6 MPH)
Runner from 3rd tags up, OUT at HOME! 7-2
Bottom of the 6th over - 0 runs, 1 hit, 0 errors, 0 left on base; Oakland 3 - Texas 2
TOP OF THE 7TH
Oakland Athletics batting - Pitching for Texas Rangers : RHP Steve Sullivan
Batting: LHB Pat Wilson 0-0: Swinging Strike
0-1: Ball
1-1: SINGLE (Groundball, 34D, EV 103.8 MPH)
Pitching: RHP Victor Luna
Batting: LHB Ivan Suarez 0-0: Ball
1-0: Swinging Strike
1-1: Swinging Strike
1-2: Strikes out swinging
Batting: LHB Steve Tocci 0-0: Called Strike
0-1: Ball
1-1: Grounds into double play, 4-6-3 (Groundball, 4, EV 83.1 MPH)
Top of the 7th over - 0 runs, 1 hit, 0 errors, 0 left on base; Oakland 3 - Texas 2
BOTTOM OF THE 7TH
Texas Rangers batting - Pitching for Oakland Athletics : RHP Dylan Harrison
Batting: RHB Jason Hartel 0-0: Ball
1-0: Swinging Strike
1-1: Ball
2-1: Foul Ball, location: 2F
2-2: Strikes out swinging
Batting: LHB Nick Gunnels 0-0: Ball
1-0: Ground out 4-3 (Groundball, 4, EV 80.0 MPH)
Batting: LHB Tyler Petry 0-0: Ball
1-0: SINGLE (Line Drive, 4D, EV 103.1 MPH)
Batting: RHB Todd Peters 0-0: Ball
1-0: Ball
2-0: Ball
3-0: Base on Balls
Tyler Petry to second
Batting: RHB Kevin Hock 0-0: Called Strike
0-1: Ball
1-1: SINGLE (Line Drive, 8LS, EV 103.8 MPH)
Tyler Petry to third
Todd Peters to second
Runner from 3rd tries for Home, SAFE, throw by CF to trailing runner, OUT at third! 8-3-5
Bottom of the 7th over - 1 run, 2 hits, 0 errors, 1 left on base; Oakland 3 - Texas 3
TOP OF THE 8TH
Oakland Athletics batting - Pitching for Texas Rangers : RHP Victor Luna
Batting: RHB Ryan Taylor 0-0: Ball
1-0: Called Strike
1-1: Swinging Strike
1-2: Strikes out swinging
Batting: RHB Randy Fowler 0-0: Foul Ball, location: 2LF
0-1: Foul Ball, location: 2F
0-2: Ball
1-2: Strikes out swinging
Pitching: LHP David de Luna
Batting: LHB Gene Del Vecchio 0-0: Called Strike
0-1: Ball
1-1: Ball
2-1: Swinging Strike
2-2: Strikes out looking
Top of the 8th over - 0 runs, 0 hits, 0 errors, 0 left on base; Oakland 3 - Texas 3
BOTTOM OF THE 8TH
Texas Rangers batting - Pitching for Oakland Athletics : RHP Dylan Harrison
Batting: SHB Luis Chavez 0-0: Ball
1-0: Foul Ball, location: 3SF
1-1: Fly out, F8 (Flyball, 8RM, EV 86.3 MPH)
Batting: RHB Jose Cano 0-0: Fly out, F9 (Flyball, 89S, EV 75.6 MPH)
Pinch Hitting: RHB Chris Patrick 0-0: Ball
1-0: Swinging Strike
1-1: Swinging Strike
1-2: Strikes out swinging
Bottom of the 8th over - 0 runs, 0 hits, 0 errors, 0 left on base; Oakland 3 - Texas 3
TOP OF THE 9TH
Oakland Athletics batting - Pitching for Texas Rangers : LHP David de Luna
Now at SS: Josh Mehl
Batting: RHB Tom Karr 0-0: Ball
1-0: Ground out 4-3 (Groundball, 34, EV 96.3 MPH)
Batting: LHB Ryan Tipton 0-0: Hit by Pitch
Batting: RHB Joey George 0-0: Ball
1-0: Ball
2-0: Called Strike
2-1: SINGLE (Line Drive, 4M, EV 96.9 MPH)
Ryan Tipton to second
Batting: LHB Pat Wilson 0-0: Ball
1-0: Ball
2-0: Called Strike
2-1: Called Strike
2-2: Fly out, F8 (Flyball, 8RXD, EV 105.6 MPH)
Runner from 2nd tags up, SAFE at 3rd, no throw by CF
Batting: LHB Ivan Suarez 0-0: Ball
1-0: Ball
2-0: Ball
3-0: Base on Balls
Joey George to second
Batting: LHB Steve Tocci 0-0: Ball
1-0: Foul Ball, location: 2F
1-1: Foul Ball, location: 7LMF
1-2: Ball
2-2: Ball
3-2: Fly out, F8 (Flyball, 8LM, EV 79.4 MPH)
Top of the 9th over - 0 runs, 1 hit, 0 errors, 3 left on base; Oakland 3 - Texas 3
BOTTOM OF THE 9TH
Texas Rangers batting - Pitching for Oakland Athletics : RHP Dylan Harrison
Batting: RHB Chris Daly 0-0: Ball
1-0: Swinging Strike
1-1: Ball
2-1: Ball
3-1: Base on Balls
Pitching: RHP Dylan Mayes
Batting: RHB Jason Hartel 0-0: Called Strike
0-1: Ball
1-1: Foul Ball, location: 23F
1-2: Foul Ball, location: 7LDF
1-2: Fly out, F6 (Popup, 6M, EV 70.0 MPH)
Batting: LHB Nick Gunnels 0-0: Ball
1-0: Fly out, F8 (Flyball, 78D, EV 90.0 MPH)
Batting: LHB Tyler Petry 0-0: Fielders Choice at 2nd, U6 (Groundball, 6M, EV 109.4 MPH)
Bottom of the 9th over - 0 runs, 0 hits, 0 errors, 1 left on base; Oakland 3 - Texas 3
TOP OF THE 10TH
Oakland Athletics batting - Pitching for Texas Rangers : LHP David de Luna
Pitching: RHP Jose Benitez
Batting: RHB Ryan Taylor 0-0: Ball
1-0: Foul Ball, location: 2F
1-1: Foul Ball, location: 2F
1-2: Strikes out looking
Batting: RHB Randy Fowler 0-0: Swinging Strike
0-1: Fly out, F8 (Flyball, 8LM, EV 95.6 MPH)
Pinch Hitting: RHB Ben Celeste 0-0: Ball
1-0: Ground out 6-3 (Groundball, 6, EV 93.1 MPH)
Top of the 10th over - 0 runs, 0 hits, 0 errors, 0 left on base; Oakland 3 - Texas 3
BOTTOM OF THE 10TH
Texas Rangers batting - Pitching for Oakland Athletics : RHP Dylan Mayes
Pitching: RHP Jim Watson
Now at C: Corey Springer
Batting: RHB Todd Peters 0-0: Ball
1-0: Ball
2-0: Ball
3-0: Base on Balls
Batting: RHB Kevin Hock 0-0: Foul Ball, location: 3SF
0-1: Grounds into double play, 5-4-3 (Groundball, 56S, EV 106.3 MPH)
Batting: SHB Luis Chavez 0-0: Ball
1-0: Ball
2-0: Ball
3-0: Base on Balls
Batting: RHB Jose Cano 0-0: Ball
Luis Chavez steals 2nd base
1-0: Ball
2-0: Called Strike
2-1: Ball
3-1: Foul Ball, location: 7LMF
3-2: Fly out, F3 (Popup, 23F, EV 86.3 MPH)
Bottom of the 10th over - 0 runs, 0 hits, 0 errors, 1 left on base; Oakland 3 - Texas 3
TOP OF THE 11TH
Oakland Athletics batting - Pitching for Texas Rangers : RHP Jose Benitez
Batting: RHB Tom Karr 0-0: Ball
1-0: Swinging Strike
1-1: Foul Ball, location: 2F
1-2: Foul Ball, location: 2F
1-2: Foul Ball, location: 2F
1-2: Strikes out swinging
Batting: LHB Ryan Tipton 0-0: Ball
1-0: Ball
2-0: Called Strike
2-1: Ball
3-1: Base on Balls
Batting: RHB Joey George 0-0: Foul Ball, location: 2F
0-1: Foul Ball, location: 2F
0-2: SINGLE (Flyball, 4MD, EV 85.0 MPH)
Ryan Tipton to second
Batting: LHB Pat Wilson 0-0: Called Strike
Ryan Tipton steals 3rd base
Joey George to second
0-1: Foul Ball, location: 3FF
0-2: Ball
1-2: Ball
2-2: DOUBLE (Flyball, 3D, EV 87.5 MPH)
Ryan Tipton scores
Joey George scores
Batting: LHB Ivan Suarez 0-0: Called Strike
0-1: Ball
1-1: Foul Ball, location: 7LDF
1-2: Strikes out swinging
Batting: LHB Steve Tocci 0-0: Ball
1-0: Ball
2-0: Ball
3-0: Called Strike
3-1: Swinging Strike
3-2: Foul Ball, location: 2F
3-2: Base on Balls
Pitching: RHP Kelyn Norlander
Batting: RHB Ryan Taylor 0-0: Called Strike
0-1: Foul Ball, location: 7LMF
0-2: Strikes out swinging
Top of the 11th over - 2 runs, 2 hits, 0 errors, 2 left on base; Oakland 5 - Texas 3
BOTTOM OF THE 11TH
Texas Rangers batting - Pitching for Oakland Athletics : RHP Jim Watson
Now in RF: Kyle O'Connor
Batting: RHB Josh Mehl 0-0: Foul Ball, location: 2F
0-1: Fly out, F4 (Flyball, 4D, EV 85.0 MPH)
Batting: RHB Chris Daly 0-0: Ball
1-0: Ball
2-0: Foul Ball, location: 2F
2-1: Foul Ball, location: 25F
2-2: Fly out, F9 (Flyball, 89M, EV 85.0 MPH)
Batting: RHB Jason Hartel 0-0: Ball
1-0: Swinging Strike
1-1: Ball
2-1: SINGLE (Line Drive, 8RS, EV 91.9 MPH)
Pitching: RHP Ken Iddiols
Batting: LHB Nick Gunnels 0-0: Called Strike
0-1: Foul Ball, location: 2F
0-2: Ball
1-2: Foul Ball, location: 25F
1-2: Ground out 4-3 (Groundball, 34S, EV 88.1 MPH)
Bottom of the 11th over - 0 runs, 1 hit, 0 errors, 1 left on base; Oakland 5 - Texas 3
Saturday, May 11th , 2024 - OOTP Baseball 24.11 Build 85